 Dungeon Crawl Stone Soup version 0.25-a0-420-g1cc7eeb0d1 (webtiles) character file.

Game seed: 15315879379552488302, levelgen mode: deterministic

477468 Baz the Slayer (level 24, -3/275 HPs)
             Began as an Ogre Assassin on Dec 29, 2019.
             Was the Champion of Ru.
             Collided with a stone wall (35 damage)
             ... caused by an ancient lich
             ... on level 3 of the Abyss on Jan 18, 2020.
             The game lasted 03:01:15 (76081 turns).

Baz the Slayer (Ogre Assassin)                     Turns: 76081, Time: 03:01:16

Health: -3/275     AC: 25    Str: 26    XL:     24   Next: 79%
Magic:  21/23      EV: 16    Int: 16    God:    Ru [******]
Gold:   4062       SH: 20    Dex: 15    Spells: 22/23 levels left

rFire    . . .     SeeInvis .   V - +12 double sword "Hiqeutri" {elec, +Rage rN++ MR+ Str-5}
rCold    + + .     Gourm    .   y - +4 shield "Neorraw" {+Blink rElec rF- rC+}
rNeg     + + .     Faith    .   S - +11 gold dragon scales
rPois    +         Spirit   .   N - +1 hat {Int+3}
rElec    +         Reflect  +   U - +2 cloak {+Inv}
rCorr    .         Harm     .   (gloves unavailable)
MR       +++++                  (boots unavailable)
Stlth    ..........             F - +4 amulet of reflection
HPRegen  0.55/turn              j - +4 ring of evasion
MPRegen  0.18/turn              M - ring "Weywoc" {*Corrode MR++ EV+3 Str+7}

@: exhausted, corroded, lightly drained
A: large, unfitting armour, tough skin 1, inability to use devices, hated by
all, no charms magic, no ice magic, no necromancy magic, disrupted magic 1,
unskilled 1
}: 2/15 runes: serpentine, barnacled
a: Draw Out Power, Power Leap, Apocalypse, Renounce Religion


You were on level 3 of the Abyss.
You worshipped Ru.
Ru was exalted by your worship.
You were not hungry.

You visited 8 branches of the dungeon, and saw 41 of its levels.
You visited the Abyss 1 time.
You visited 1 bazaar.
You also visited: Ossuary, Gauntlet, Ice Cave and Volcano.

You collected 6544 gold pieces.
You spent 2482 gold pieces at shops.

Inventory:

Hand Weapons
 k - the +8 demon blade "Leech" {vamp, rN+ AC-3 EV-3}
   (You took it off a yaktaur captain on level 2 of the Depths)

   It inflicts no extra harm, but heals its wielder when it wounds a living foe.
   It affects your AC (-3).
   It affects your evasion (-3).
   It protects you from negative energy.
 R - a +0 scimitar of flaming
 V - the +12 double sword "Hiqeutri" (weapon) {elec, +Rage rN++ MR+ Str-5}
   (You acquired it on level 11 of the Dungeon)

   Occasionally, upon striking a foe, it will discharge some electrical energy
   and cause terrible harm.
   It affects your strength (-5).
   It greatly protects you from negative energy.
   It affects your resistance to hostile enchantments.
   It lets you go berserk.
Missiles
 i - 13 throwing nets
 l - 42 javelins
 G - 100 large rocks (quivered)
 O - 95 silver javelins
 W - 13 datura-tipped darts
Armour
 y - the +4 shield "Neorraw" (worn) {+Blink rElec rF- rC+}
   (You acquired it on level 3 of the Shoals)

   It makes you vulnerable to fire.
   It protects you from cold.
   It insulates you from electricity.
   It lets you blink.
 N - a +1 hat of intelligence (worn)
 S - +11 gold dragon scales (worn)
 U - a +2 cloak of invisibility (worn)
Jewellery
 c - an uncursed ring of ice
 g - the ring of Fidem {rPois EV+1}
   (You found it in a Gauntlet)

   [ring of evasion]

   It affects your evasion (+1).
   It protects you from poison.
 j - a +4 ring of evasion (left hand)
 F - a +4 amulet of reflection (around neck)
 I - the ring "Veetso Suyq" {Ice Str+2 Dex+3}
   (You found it in a Gauntlet)

   [ring of ice]

   It enhances your ice magic.
   It affects your strength (+2).
   It affects your dexterity (+3).
   It makes you vulnerable to fire.
   It protects you from cold.
 L - the ring "Hexin" {rF++ Int+6}
   (You acquired it on level 4 of the Snake Pit)

   [ring of intelligence]

   It affects your intelligence (+6).
   It greatly protects you from fire.
 M - the ring "Weywoc" (right hand) {*Corrode MR++ EV+3 Str+7}
   (You bought it in a shop on level 10 of the Dungeon)

   [ring of evasion]

   It affects your evasion (+3).
   It affects your strength (+7).
   It affects your resistance to hostile enchantments.
   It may corrode you when you take damage.
Scrolls
 a - a scroll of torment
 b - 3 scrolls of amnesia
 d - 4 scrolls of magic mapping
 h - 16 scrolls of teleportation
 m - 2 scrolls of blinking
 n - 20 scrolls of remove curse
 o - 6 scrolls of enchant weapon
 w - 34 scrolls of identify
 x - 6 scrolls of fog
 B - 9 scrolls of fear
 J - 2 scrolls of brand weapon
 K - 8 scrolls of immolation
 P - 2 scrolls of silence
 X - a scroll of holy word
Potions
 e - 6 potions of magic
 p - 5 potions of brilliance
 q - 8 potions of flight
 r - 6 potions of mutation
 s - 23 potions of curing
 t - 8 potions of agility
 u - 2 potions of berserk rage
 z - 9 potions of ambrosia
 A - 8 potions of resistance
 C - 6 potions of might
 D - 5 potions of heal wounds
 E - 8 potions of haste
 T - 5 potions of invisibility
 Y - 3 potions of cancellation
Comestibles
 f - 80 rations
 v - 5 chunks of flesh


   Skills:
 + Level 22.7(22.1) Fighting
   Level 6.3(11.6) Short Blades
 - Level 15.5(15.4) Long Blades
 + Level 16.5(16.0) Throwing
 * Level 16.6(16.1) Armour
 + Level 11.2(10.7) Dodging
 - Level 2.6(2.3) Stealth
 - Level 10.3(9.9) Shields


You had 22 spell levels left.
You knew the following spells:

 Your Spells              Type           Power        Failure   Level  Hunger
a - Apportation           Tloc           #.....       99%         1    ##.....

Your spell library contained the following spells:

 Spells                   Type           Power        Failure   Level  Hunger
 Beastly Appendage        Tmut           #.....       99%         1    ##.....
 Corona                   Hex            #......      99%         1    ##.....
 Foxfire                  Conj/Fire      #...         99%         1    ##.....
 Sandblast                Erth           #.....       99%         1    ##.....
 Shock                    Conj/Air       #...         99%         1    ##.....
 Passwall                 Tmut/Erth      #.......     100%        2    ###....
 Poisonous Vapours        Pois/Air       #.....       100%        2    ###....
 Slow                     Hex            #.......     100%        2    ###....
 Confusing Touch          Hex            #.......     100%        3    ####...
 Conjure Flame            Conj/Fire      #.......     100%        3    ####...
 Gell's Gravitas          Tloc           #.........   100%        3    ####...
 Inner Flame              Hex/Fire       #.......     100%        3    ####...
 Mephitic Cloud           Conj/Pois/Air  #.......     100%        3    ####...
 Portal Projectile        Hex/Tloc       #.....       100%        3    ####...
 Spider Form              Tmut/Pois      #.........   100%        3    ####...
 Static Discharge         Conj/Air       #.......     100%        3    ####...
 Stone Arrow              Conj/Erth      #.....       100%        3    ####...
 Airstrike                Air            #.........   100%        4    #####..
 Cause Fear               Hex            #.........   100%        4    #####..
 Leda's Liquefaction      Hex/Erth       #.........   100%        4    #####..
 Petrify                  Tmut/Erth      #.......     100%        4    #####..
 Sticky Flame             Conj/Fire      #.......     100%        4    #####..
 Aura of Abjuration       Summ           #.........   100%        5    ######.
 Blade Hands              Tmut           #.........   100%        5    ######.
 Fireball                 Conj/Fire      #.........   100%        5    ######.
 Lee's Rapid Deconstruct  Erth           #.........   100%        5    ######.
 Lightning Bolt           Conj/Air       #.........   100%        5    ######.
 Yara's Violent Unravell  Hex/Tmut       #.........   100%        5    ######.
 Animate Skeleton         Necr           Unusable     N/A         1    N/A
 Freeze                   Ice            Unusable     N/A         1    N/A
 Pain                     Necr           Unusable     N/A         1    N/A
 Summon Small Mammal      Summ           Unusable     N/A         1    N/A
 Corpse Rot               Necr/Air       Unusable     N/A         2    N/A
 Sticks to Snakes         Tmut           Unusable     N/A         2    N/A
 Sublimation of Blood     Necr           Unusable     N/A         2    N/A
 Swiftness                Chrm/Air       Unusable     N/A         2    N/A
 Ozocubu's Armour         Chrm/Ice       Unusable     N/A         3    N/A
 Recall                   Summ/Tloc      Unusable     N/A         3    N/A
 Vampiric Draining        Necr           Unusable     N/A         3    N/A
 Animate Dead             Necr           Unusable     N/A         4    N/A
 Dispel Undead            Necr           Unusable     N/A         4    N/A
 Hailstorm                Conj/Ice       Unusable     N/A         4    N/A
 Ice Form                 Ice/Tmut       Unusable     N/A         4    N/A
 Summon Ice Beast         Ice/Summ       Unusable     N/A         4    N/A
 Agony                    Necr           Unusable     N/A         5    N/A
 Borgnjor's Vile Clutch   Necr/Erth      Unusable     N/A         5    N/A
 Excruciating Wounds      Chrm/Necr      Unusable     N/A         5    N/A
 Metabolic Englaciation   Hex/Ice        Unusable     N/A         5    N/A
 Summon Demon             Summ           Unusable     N/A         5    N/A
 Death Channel            Necr           Unusable     N/A         6    N/A
 Freezing Cloud           Conj/Ice/Air   Unusable     N/A         6    N/A
 Simulacrum               Ice/Necr       Unusable     N/A         6    N/A
 Ring of Flames           Chrm/Fire      Unusable     N/A         7    N/A

Dungeon Overview and Level Annotations

Branches:
Dungeon (15/15)            Temple (1/1) D:7            Lair (6/6) D:8
 Shoals (4/4) Lair:4        Snake (4/4) Lair:3        Slime (0/5) Lair:6
    Orc (2/2) D:9             Elf (0/3) Orc:2        Vaults (4/5) D:13
  Crypt (0/3) Vaults:3     Depths (5/5) D:15            Zot (0/5) Depths:5
Ossuary (visited)           IceCv (visited)         Volcano (visited)
Gauntlet (visited)

Altars:
Ashenzari
Cheibriados
Dithmenos
Elyvilon
Fedhas
Gozag
Hepliaklqana
Kikubaaqudgha
Makhleb
Nemelex Xobeh
Okawaru
Qazlal
Ru
Sif Muna
Trog
Uskayaw
Vehumet
Wu Jian
Xom
Yredelemnul
Zin
The Shining One
Beogh
Lugonu

Shops:
D:5 !   D:7 [   D:10 =   D:11 ?!(   Orc:2 ::[*   Snake:1 *   Vaults:4 ?!!
Depths:1 **   Depths:4 =

Portals:
Hell: Depths:1 Depths:2 Depths:3 Depths:4 Depths:5
Abyss: Depths:1 Depths:3 Depths:4 Depths:5
Pandemonium: Depths:1 Depths:3 Depths:4
Ziggurat: Depths:3

Annotations:
D:11 2 runed translucent doors, paps's ghost, journeyman DsGl
D:13 2 transporters, anet's ghost, journeyman GnWr
Lair:1 exclusion: hydra
Lair:4 exclusion: 4 oklob plants
Lair:5 1 runed translucent door, Kiguq's ghost, journeyman VSSu
Depths:5 3 runed translucent doors, Kotiej's ghost, legendary TrMo


Innate Abilities, Weirdness & Mutations

You are too large for most types of armour.
You have tough skin. (AC +1)
You cannot study or use magical devices.
You are hated by all.
You cannot study or cast Charms magic.
You cannot study or cast Ice magic.
You cannot study or cast Necromancy magic.
Your casting is slightly disrupted.
You are somewhat unskilled. (-1 Apt)


Message History

The ancient lich is severely damaged.
Your gold dragon scales prevents you from hitting the ancient lich.
The ancient lich is severely damaged.
The ancient lich casts a spell at you. The bolt of cold misses you.
Unknown command.
You hit the ancient lich.
The ancient lich is severely damaged.
You redirect the ancient lich's attack!
The ancient lich mumbles some strange words.
The ancient lich flickers and vanishes!
Deactivating autopickup; reactivate with Ctrl-A.
You slash something!
You hear some strange, mumbled words.
A lance of force appears from out of thin air!
The lance of force hits you!!!
* * * LOW HITPOINT WARNING * * *
You are knocked back by the lance of force.
You slam into the stone wall!
You die...

#..L. ##
.. .. #4
). #
...... #{
...##....
. #. .)
... . #.{.
...... .
#4'#..
....
##...∩#. .
. ###.#.
... ....
#@#{ ..
.... . .
##{# ....
.. . .#.
..##X.
......
#..#.##...
.... . ##
.. # .## .
. .... .
#.. ###
##... . .
# ...## #
. . .. .
#. .. # .


There were no monsters in sight!

Vanquished Creatures
  An ancient lich (Abyss:3)
  2 juggernauts
  3 greater mummies (Depths:4)
  Frederick (Depths:5)
  Bai Suzhen (Shoals:4)
  2 golden dragons
  the Enchantress (Depths:3)
  Jorgrun (D:15)
  Rupert (D:13)
  4 liches
  A tentacled starspawn (Abyss:1)
  A sphinx (Vaults:4)
  Gastronok (Lair:3)
  4 shadow dragons
  Kirke (D:13)
  6 tengu reavers
  2 storm dragons (Depths:2)
  8 nagarajas (Snake:4)
  8 frost giants
  An iron dragon (Depths:2)
  A deep elf sorcerer (Vaults:2)
  7 fire giants
  Louise (Shoals:2)
  10 vault wardens
  4 spriggan defenders
  12 ironheart preservers
  A reaper (Gauntlet)
  A draconian shifter (Depths:5)
  18 very ugly things
  18 stone giants
  2 vampire knights
  A green draconian (Depths:5)
  A deep elf demonologist (Depths:2)
  A black draconian (Depths:5)
  9 spark wasps
  8 merfolk javelineers
  A red draconian (Depths:5)
  10 ettins
  2 mummy priests (Depths:4)
  8 merfolk impalers
  3 jiangshi (Abyss:3)
  Josephine (D:11)
  18 yaktaur captains
  10 ice dragons
  Fannar (D:11)
  16 ogre magi
  12 fire dragons
  8 great orbs of eyes
  8 rakshasas
  8 vault guards
  8 naga warriors
  7 spriggan air magi
  6 merfolk avatars
  An alligator snapping turtle (Shoals:4)
  8 centaur warriors
  A two-headed ogre (shapeshifter) (D:13)
  2 catoblepae (Shoals:3)
  5 hydras
  23 anacondas
  41 two-headed ogres
  4 death knights
  Erica (Lair:2)
  10 merfolk aquamancers
  3 deep troll shamans
  A death yak (Lair:4)
  3 deep troll earth magi
  15 tengu warriors
  9 shock serpents
  3 vampire magi
  2 thrashing horrors (Abyss:2)
  3 satyrs
  15 naga sharpshooters
  3 orc high priests
  4 deep elf knights
  A shock serpent (shapeshifter) (Depths:2)
  3 spriggan berserkers
  Sonja (D:13)
  2 wretched stars
  19 hell knights
  2 salamander mystics
  7 sea snakes
  8 skeletal warriors
  A spatial maelstrom (Abyss:2)
  5 unseen horrors
  A sixfirhy (Abyss:2)
  An infernal demonspawn (Depths:4)
  13 deep trolls
  3 flayed ghosts
  8 naga ritualists
  A swamp dragon (Lair:6)
  6 glowing orange brains
  A deep troll (shapeshifter) (Vaults:4)
  5 wizards
  4 deep elf archers
  22 mana vipers
  4 necromancers
  A shadow demon (Depths:4)
  Pikel (D:5)
  28 harpies
  39 ugly things
  3 phantasmal warriors
  16 ironbrand convokers
  A lindwurm (shapeshifter) (Depths:2)
  11 orc knights
  14 fauns
  2 wolf spiders
  16 deep elf magi
  7 orc sorcerers
  7 salamanders
  15 manticores
  7 cyclopes
  A black mamba (shapeshifter) (Depths:1)
  7 merfolk sirens
  Maurice (D:11)
  16 vault sentinels
  13 elephants
  23 naga magi
  5 centaur zombies
  A stone giant skeleton (Vaults:2)
  A guardian serpent (shapeshifter) (Vaults:2)
  Joseph (D:7)
  27 black mambas
  3 ice statues (IceCv)
  2 smoke demons (Abyss:2)
  A gargoyle (D:13)
  6 water nymphs
  15 guardian serpents
  13 spiny frogs
  A torpor snail (Lair:3)
  6 centaur skeletons
  26 yaktaurs
  6 rime drakes
  An efreet (D:13)
  Maggie (Lair:2)
  3 starcursed masses (Abyss:2)
  3 yaktaurs (shapeshifter)
  3 kobold demonologists
  An ice devil (Depths:4)
  15 komodo dragons
  A demonic crawler (Abyss:2)
  5 freezing wraiths
  A red devil (Depths:4)
  9 tengu conjurers
  An ancient zyme (Abyss:2)
  30 merfolk
  A queen bee (shapeshifter) (Abyss:2)
  8 trolls
  A troll (shapeshifter) (Depths:5)
  3 hornets
  3 meliai (Gauntlet)
  A yaktaur skeleton (Vaults:1)
  11 polar bears
  A tengu simulacrum (Vaults:1)
  6 raiju
  15 blink frogs
  4 wind drakes
  11 snapping turtles
  28 slime creatures
  7 hippogriffs
  A dream sheep (shapeshifter) (Vaults:1)
  2 flying skulls
  A shadow (D:14)
  18 water elementals
  12 wraiths
  3 ynoxinuls (Abyss:2)
  7 wyverns
  2 tarantellas (shapeshifter)
  5 large abominations
  A hog (shapeshifter) (Vaults:3)
  8 hogs
  4 basilisks
  3 fire bats (Abyss:3)
  7 chaos spawn
  3 vampire mosquitoes (D:14)
  35 yaks
  4 hungry ghosts
  2 golden eyes (shapeshifter)
  A human (D:7)
  5 steam dragons
  52 nagas
  4 wargs
  Edmund (D:6)
  5 acid dragons
  18 water moccasins
  7 porcupines
  A floating eye (Depths:2)
  16 hell hounds
  12 black bears
  A slave (D:5)
  10 ice beasts
  28 orc warriors
  A black bear (shapeshifter) (Depths:4)
  2 ettin simulacra (Vaults:1)
  2 necrophages
  3 phantoms
  2 sky beasts
  26 ogres
  19 wolves
  An eye of draining (D:15)
  7 boggarts
  25 centaurs
  16 crocodiles
  3 human skeletons
  7 big kobolds
  3 human zombies (Vaults:2)
  8 small abominations
  11 bullfrogs
  2 gnoll sergeants (D:7)
  3 water moccasin zombies (Ossuary)
  2 scorpions
  A wyvern skeleton (D:13)
  A water moccasin skeleton (D:4)
  11 killer bees
  5 jellies
  18 wights
  15 electric eels
  10 crimson imps
  7 howler monkeys
  A quasit (Abyss:2)
  16 hounds
  2 iron imps (Abyss:2)
  4 bullfrog skeletons
  A bullfrog zombie (D:11)
  19 orc priests
  21 orc wizards
  5 gnoll shamans
  Terence (D:3)
  Natasha (thrice) (D:2)
  5 iguanas
  5 hell rats
  10 worker ants
  4 human simulacra
  2 mummies (Ossuary)
  A howler monkey zombie (D:11)
  A worker ant zombie (D:8)
  37 gnolls
  A howler monkey skeleton (D:5)
  13 adders
  13 river rats
  6 shadow imps
  A white imp (Abyss:2)
  8 oozes
  2 adder zombies (Ossuary)
  2 adder skeletons
  4 dart slugs
  2 worms
  2 leopard geckos
  78 orcs
  4 giant cockroaches
  2 gnoll zombies (Ossuary)
  14 hobgoblins
  15 jackals
  22 kobolds
  5 quokkas
  2 ball pythons
  7 bats
  3 frilled lizards
  14 goblins
  5 hobgoblin zombies (Ossuary)
  5 kobold zombies (Ossuary)
  An orc zombie (Ossuary)
  A quokka skeleton (D:4)
  18 rats
  A fungus (Lair:6)
  6 plants (Lair:6)
  A tentacle (Shoals:1)
1950 creatures vanquished.

Vanquished Creatures (others)
  Mara (Depths:4)
  A kraken (Shoals:1)
  A frost giant (Depths:2)
  A draconian stormcaller (Depths:5)
  A very ugly thing (Depths:1)
  An ironheart preserver (Vaults:4)
  A minotaur (Gauntlet)
  4 spark wasps
  An ettin (Depths:2)
  A yaktaur captain (Vaults:1)
  An ogre mage (Vaults:1)
  A rakshasa (Abyss:2)
  A merfolk avatar (Shoals:3)
  A satyr (Shoals:3)
  A centaur warrior (Depths:1)
  2 tengu warriors
  2 deep troll earth magi
  A deep elf knight (Vaults:2)
  A spriggan (Depths:3)
  An unseen horror (shapeshifter) (Vaults:1)
  An orc knight (Orc:2)
  2 necromancers
  An ugly thing (Vaults:1)
  A wolf spider (Vaults:1)
  A manticore (Shoals:4)
  A centaur zombie (D:14)
  A vault sentinel (Vaults:1)
  2 naga magi
  2 freezing wraiths
  9 yaktaurs
  A tengu conjurer (Depths:3)
  A hornet (Depths:3)
  2 blink frogs
  A flying skull (Volcano)
  A yak (D:10)
  A basilisk (Lair:6)
  A wraith (Vaults:1)
  A chaos spawn (Abyss:3)
  A warg (Lair:6)
  A naga (Snake:1)
  A phantom (D:11)
  An orc warrior (Orc:2)
  2 ogres (Vaults:3)
  A wolf (Lair:6)
  A boggart (Vaults:1)
  8 centaurs
  2 crocodiles (D:8)
  A small abomination (Abyss:2)
  2 orc wizards
  A shadow imp (D:10)
  A leopard gecko (D:10)
  7 orcs
  A jackal zombie (D:6)
  A rat (Lair:1)
  12 fungi
  A lurking horror (Abyss:3)
  29 plants
  2 starspawn tentacles (Abyss:1)
  8 tentacles (Shoals:1)
139 creatures vanquished.

Grand Total: 2089 creatures vanquished

Notes
Turn   | Place    | Note
-------+----------+-------------------------------------------
     0 | D:1      | Baz the Ogre Assassin began the quest for the Orb.
     0 | D:1      | Reached XP level 1. HP: 22/22 MP: 1/1
    75 | D:1      | Reached skill level 1 in Dodging
   131 | D:1      | Reached XP level 2. HP: 26/29 MP: 2/2
   225 | D:1      | Reached skill level 3 in Fighting
   819 | D:1      | Reached XP level 3. HP: 32/37 MP: 3/3
  1329 | D:1      | Reached XP level 4. HP: 29/48 MP: 4/4
  1572 | D:2      | Upgraded the game from 0.25-a0-339-gb37b713d4c to
                  | 0.25-a0-420-g1cc7eeb0d1
  1601 | D:2      | Noticed Natasha
  2082 | D:2      | Killed Natasha
  2082 | D:2      | Reached skill level 4 in Fighting
  2082 | D:2      | Reached XP level 5. HP: 39/54 MP: 5/5
  2109 | D:2      | Noticed Natasha
  2122 | D:2      | Killed Natasha
  2183 | D:2      | Noticed Natasha
  2189 | D:2      | Killed Natasha
  2726 | D:2      | Reached XP level 6. HP: 26/63 MP: 6/6
  3368 | D:3      | Found a sacrificial altar of Ru.
  3400 | D:3      | Reached skill level 5 in Fighting
  3660 | D:3      | Became a worshipper of Ru the Awakened
  4565 | D:3      | Reached XP level 7. HP: 72/72 MP: 7/7
  4753 | D:3      | Noticed Terence
  4765 | D:3      | Killed Terence
  5650 | D:4      | Gained mutation: You are somewhat unskilled. (-1 Apt) [Ru
                  | sacrifice]
  5650 | D:4      | Reached * piety under Ru
  5650 | D:4      | Reached ** piety under Ru
  6228 | D:5      | Entered Level 5 of the Dungeon
  6257 | D:4      | Reached XP level 8. HP: 49/83 MP: 8/8
  6645 | D:5      | Reached skill level 6 in Fighting
  6898 | D:5      | Found Vaseaxou's Distillery.
  6920 | D:5      | Found a stormy altar of Qazlal.
  6958 | D:5      | Bought a potion of resistance for 110 gold pieces
  7371 | D:6      | Found a sand-covered staircase.
  7375 | Ossuary  | Entered an ossuary
  7585 | Ossuary  | Reached skill level 5 in Throwing
  7788 | D:6      | Noticed Pikel
  8015 | D:5      | Killed Pikel
  8015 | D:5      | Reached skill level 7 in Fighting
  8015 | D:5      | Reached XP level 9. HP: 51/93 MP: 9/9
  8311 | D:6      | Reached skill level 5 in Short Blades
  8642 | D:5      | Reached skill level 5 in Dodging
  8792 | D:6      | Noticed Edmund
  8814 | D:6      | Killed Edmund
  8984 | D:6      | Found a radiant altar of Vehumet.
  8984 | D:6      | Found a burning altar of Makhleb.
  8990 | D:6      | Found a hazy altar of Hepliaklqana.
  8992 | D:6      | Found a shimmering blue altar of Sif Muna.
  8994 | D:6      | Found a shadowy altar of Dithmenos.
  9115 | D:7      | Gained mutation: You cannot study or use magical devices.
                  | [Ru sacrifice]
  9115 | D:7      | Reached *** piety under Ru
  9115 | D:7      | Reached **** piety under Ru
  9366 | D:7      | Found a staircase to the Ecumenical Temple.
  9369 | D:7      | Noticed Joseph
  9393 | D:7      | Killed Joseph
  9393 | D:7      | Reached skill level 8 in Fighting
  9524 | Temple   | Entered the Ecumenical Temple
  9725 | D:7      | Found Xyaj's Armour Shoppe.
  9936 | D:7      | Reached XP level 10. HP: 84/106 MP: 10/10
 10421 | D:7      | Reached skill level 9 in Fighting
 10916 | D:7      | Reached skill level 1 in Long Blades
 12948 | D:8      | Found a staircase to the Lair.
 14066 | D:9      | Reached XP level 11. HP: 107/117 MP: 5/11
 14398 | D:9      | Reached skill level 10 in Fighting
 14621 | D:9      | Found a staircase to the Orcish Mines.
 14830 | Lair:1   | Entered Level 1 of the Lair of Beasts
 16781 | Lair:1   | Noticed an eight-headed hydra
 16948 | Lair:2   | Reached skill level 5 in Long Blades
 17400 | Lair:2   | Noticed Maggie
 17476 | Lair:2   | Killed Maggie
 17990 | Lair:2   | Reached skill level 1 in Armour
 18156 | Lair:2   | Noticed Erica
 18169 | Lair:2   | Killed Erica
 18362 | Lair:2   | Reached skill level 11 in Fighting
 19242 | Lair:3   | Found a staircase to the Snake Pit.
 19268 | Lair:2   | Reached XP level 12. HP: 94/130 MP: 12/12
 19379 | Lair:3   | Found a dark tunnel.
 19598 | Volcano  | Entered a volcano
 21598 | Lair:3   | Noticed Gastronok
 21608 | Lair:3   | Killed Gastronok
 21860 | Lair:3   | Reached skill level 12 in Fighting
 22031 | Lair:4   | Found a gate leading to a gauntlet.
 22051 | Gauntlet | Entered a Gauntlet
 22051 | Gauntlet | Found a transporter.
 22051 | Gauntlet | Found a transporter.
 22051 | Gauntlet | Found a transporter.
 22060 | Gauntlet | Found a transporter.
 22071 | Gauntlet | Found a transporter.
 22078 | Gauntlet | Found a transporter.
 22080 | Gauntlet | Noticed a reaper
 22099 | Gauntlet | Found a transporter.
 22152 | Gauntlet | Gained mutation: You cannot study or cast Ice magic. [Ru
                  | sacrifice]
 22152 | Gauntlet | Gained mutation: You cannot study or cast Necromancy magic.
                  | [Ru sacrifice]
 22152 | Gauntlet | Gained mutation: You cannot study or cast Charms magic. [Ru
                  | sacrifice]
 22152 | Gauntlet | Reached ***** piety under Ru
 22163 | Gauntlet | Found a transporter.
 22166 | Gauntlet | Found a large runed translucent door.
 22167 | Gauntlet | Found a large runed translucent door.
 22168 | Gauntlet | Found a large runed translucent door.
 22168 | Gauntlet | Found a large runed translucent door.
 22168 | Gauntlet | Found a runed translucent door.
 22169 | Gauntlet | Found a large runed translucent door.
 22185 | Gauntlet | Found a transporter.
 22204 | Gauntlet | Found a transporter.
 22221 | Gauntlet | Found a transporter.
 22225 | Gauntlet | Found a large runed translucent door.
 22226 | Gauntlet | Found a large runed translucent door.
 22227 | Gauntlet | Found a large runed translucent door.
 22228 | Gauntlet | Found a runed translucent gate.
 22229 | Gauntlet | Found a transporter.
 22229 | Gauntlet | Found a runed translucent gate.
 22230 | Gauntlet | Found a runed translucent gate.
 22231 | Gauntlet | Found a large runed translucent door.
 22231 | Gauntlet | Found a large runed translucent door.
 22232 | Gauntlet | Found a large runed translucent door.
 22233 | Gauntlet | Found a large runed translucent door.
 22242 | Gauntlet | Found a large runed translucent door.
 22242 | Gauntlet | Found a large runed translucent door.
 22242 | Gauntlet | Found a runed translucent door.
 22243 | Gauntlet | Found a large runed translucent door.
 22244 | Gauntlet | Found a large runed translucent door.
 22575 | Gauntlet | Got a clouded iron ring
 22577 | Gauntlet | Identified the ring of Fidem {rPois EV+1} (You found it in
                  | a Gauntlet)
 22613 | Gauntlet | Killed a reaper
 22613 | Gauntlet | Reached XP level 13. HP: 102/140 MP: 4/13
 22866 | Gauntlet | Got a crude ivory ring
 22870 | Gauntlet | Identified the ring "Veetso Suyq" {Ice Str+2 Dex+3} (You
                  | found it in a Gauntlet)
 22936 | Gauntlet | Noticed a minotaur
 22947 | Gauntlet | Killed a minotaur
 24041 | Lair:4   | Learned a level 1 spell: Apportation
 24666 | Lair:4   | Found a staircase to the Shoals.
 24888 | Lair:4   | Reached skill level 10 in Throwing
 25371 | Lair:5   | Found a runed translucent door.
 25371 | Lair:5   | Found a shimmering altar of Xom.
 25371 | Lair:5   | Noticed Kiguq's ghost (journeyman VSSu)
 25372 | Lair:5   | Identified the cursed +0 great sword of Evolution {chaos,
                  | Int+3}
 27014 | Lair:6   | Entered Level 6 of the Lair of Beasts
 27027 | Lair:5   | Reached skill level 5 in Armour
 27108 | Lair:5   | Reached skill level 13 in Fighting
 27291 | Lair:6   | Reached skill level 10 in Long Blades
 27293 | Lair:6   | Reached XP level 14. HP: 135/153 MP: 5/14
 30210 | Lair:6   | Found a staircase to the Slime Pits.
 31009 | Lair:6   | Identified Dixa's Papyrus of Earth
 31521 | Orc:1    | Entered Level 1 of the Orcish Mines
 32107 | Orc:2    | Entered Level 2 of the Orcish Mines
 32636 | Orc:2    | Paralysed by an orc sorcerer for 3 turns
 32727 | Orc:2    | Reached skill level 14 in Fighting
 32928 | Orc:2    | Found a staircase to the Elven Halls.
 33228 | Orc:2    | Found a roughly hewn altar of Beogh.
 33274 | Orc:2    | Found a shimmering blue altar of Sif Muna.
 33290 | Orc:2    | Identified Sif Muna's Guide on Feathers
 33499 | Orc:2    | Found Quirisk's Book Emporium.
 34742 | Orc:2    | Reached XP level 15. HP: 149/163 MP: 15/15
 34744 | Orc:2    | Found Fonal's Book Emporium.
 35053 | Orc:2    | Found Ofaoc's General Store.
 35064 | Orc:2    | Found Fareth's Armour Boutique.
 35213 | D:10     | Entered Level 10 of the Dungeon
 35779 | D:10     | Found Yron's Jewellery Shop.
 36248 | D:11     | Identified a scroll of acquirement
 36261 | D:11     | Found a runed translucent door.
 36263 | D:11     | Noticed a lich
 36269 | D:11     | Found a runed translucent door.
 36273 | D:11     | Noticed paps's ghost (journeyman DsGl)
 36288 | D:11     | Noticed Maurice
 36298 | D:11     | Killed Maurice
 36334 | D:11     | Noticed Fannar
 36338 | D:11     | Found Pass's Magic Scroll Shop.
 36347 | D:11     | Killed Fannar
 36399 | D:11     | Found a frozen archway.
 36416 | IceCv    | Entered an ice cave
 37355 | D:11     | Noticed Josephine
 37383 | D:11     | Killed Josephine
 37769 | D:11     | Found Vomome's Distillery.
 37776 | D:11     | Found Baqiy's Weapon Emporium.
 37777 | D:11     | Bought a potion of cancellation for 88 gold pieces
 37813 | D:11     | Identified the +12 double sword "Hiqeutri" {elec, +Rage
                  | rN++ MR+ Str-5} (You acquired it on level 11 of the
                  | Dungeon)
 38362 | D:11     | Reached skill level 1 in Shields
 38651 | D:11     | Noticed a shadow dragon
 38655 | D:11     | Noticed a fire giant
 38655 | D:11     | a dire elephant changed into a fire giant
 38960 | D:12     | Found a transporter.
 39021 | D:12     | Gained mutation: You are hated by all. [Ru sacrifice]
 40166 | D:12     | Found a transporter.
 40329 | D:10     | Bought the ring "Weywoc" {*Corrode MR++ EV+3 Str+7} for 637
                  | gold pieces
 40836 | D:13     | Noticed Sonja
 40844 | D:13     | Killed Sonja
 40874 | D:13     | Noticed anet's ghost (journeyman GnWr)
 40879 | D:13     | Found a transporter.
 40882 | D:13     | Found a transporter.
 40886 | D:13     | Noticed Kirke
 40895 | D:13     | Killed Kirke
 41013 | D:13     | Gained mutation: Your casting is slightly disrupted. [Ru
                  | sacrifice]
 41013 | D:13     | Reached ****** piety under Ru
 41208 | D:10     | Bought a +3 amulet of reflection for 219 gold pieces
 41664 | D:13     | Reached skill level 15 in Fighting
 42053 | D:13     | Noticed Rupert
 42055 | D:13     | Paralysed by Rupert for 3 turns
 42066 | D:13     | Killed Rupert
 42245 | D:13     | Found a gate to the Vaults.
 42358 | D:14     | Reached XP level 16. HP: 121/176 MP: 11/16
 42803 | D:14     | Reached skill level 5 in Shields
 42936 | D:14     | Found a shattered altar of Ashenzari.
 43365 | D:15     | Entered Level 15 of the Dungeon
 44282 | D:15     | Noticed Jorgrun
 44296 | D:15     | Killed Jorgrun
 44537 | D:15     | Found a staircase to the Depths.
 45031 | Snake:1  | Entered Level 1 of the Snake Pit
 45877 | Snake:1  | Found Xytash's General Store.
 45889 | Snake:1  | Bought a scroll of magic mapping for 66 gold pieces
 45889 | Snake:1  | Bought a scroll of teleportation for 57 gold pieces
 46250 | Snake:1  | Reached skill level 16 in Fighting
 46493 | Snake:1  | Reached XP level 17. HP: 126/187 MP: 17/17
 49795 | Snake:4  | Entered Level 4 of the Snake Pit
 50443 | Snake:4  | Reached skill level 15 in Long Blades
 50544 | Snake:3  | Reached skill level 17 in Fighting
 50817 | Snake:4  | Identified the ring "Hexin" {rF++ Int+6} (You acquired it
                  | on level 4 of the Snake Pit)
 50999 | Snake:4  | Reached XP level 18. HP: 200/200 MP: 18/18
 52550 | Snake:4  | Got a serpentine rune of Zot
 52858 | Shoals:1 | Entered Level 1 of the Shoals
 53825 | Shoals:1 | Identified the amulet "Zaruex" {Spirit Int+7 Stlth-} (You
                  | acquired it on level 1 of the Shoals)
 54050 | Shoals:2 | Reached skill level 18 in Fighting
 54087 | Shoals:2 | Noticed Louise
 54091 | Shoals:2 | Killed Louise
 55203 | Shoals:3 | Reached XP level 19. HP: 163/211 MP: 19/19
 55972 | Shoals:3 | Identified the +0 hat of a volcano {rPois Regen+ Str-4}
                  | (You acquired it on level 3 of the Shoals)
 55974 | Shoals:3 | Identified the +4 shield "Neorraw" {+Blink rElec rF- rC+}
                  | (You acquired it on level 3 of the Shoals)
 56623 | Shoals:4 | Entered Level 4 of the Shoals
 57462 | Shoals:4 | Got a barnacled rune of Zot
 57534 | Shoals:4 | Identified Qaefo's Tome of Calling and Confrontation
 57614 | Shoals:4 | Noticed Bai Suzhen
 57619 | Shoals:4 | Reached skill level 10 in Armour
 57719 | Shoals:4 | Killed Bai Suzhen
 57907 | Shoals:4 | Identified the +2 dagger of Psychosis {vorpal, rElec Int+5
                  | Dex+3}
 57910 | Shoals:4 | Reached skill level 10 in Shields
 59013 | Vaults:1 | Entered Level 1 of the Vaults
 59248 | Vaults:1 | Reached skill level 19 in Fighting
 59449 | Vaults:1 | Reached XP level 20. HP: 208/226 MP: 14/20
 62400 | Vaults:3 | Found a staircase to the Crypt.
 62548 | Vaults:3 | Reached skill level 20 in Fighting
 62548 | Vaults:3 | Reached XP level 21. HP: 108/237 MP: 21/21
 62863 | Vaults:3 | Identified the +8 lajatang of the Endless Expanse {venom,
                  | *Noise rElec MR+ Str+5}
 64913 | Vaults:4 | Found Pannik's Magic Scroll Shoppe.
 64956 | Vaults:4 | Bought a scroll of teleportation for 33 gold pieces
 64956 | Vaults:4 | Bought a scroll of teleportation for 33 gold pieces
 64974 | Vaults:4 | Found Gycvykh's Distillery.
 64975 | Vaults:4 | Found Cazerch's Distillery.
 64985 | Vaults:4 | Bought a potion of curing for 54 gold pieces
 64985 | Vaults:4 | Bought a potion of agility for 72 gold pieces
 64985 | Vaults:4 | Bought a potion of heal wounds for 90 gold pieces
 65002 | Vaults:4 | Bought a potion of agility for 64 gold pieces
 65002 | Vaults:4 | Bought a potion of invisibility for 128 gold pieces
 65002 | Vaults:4 | Bought a potion of resistance for 160 gold pieces
 65002 | Vaults:4 | Bought a potion of curing for 48 gold pieces
 65002 | Vaults:4 | Bought a potion of curing for 48 gold pieces
 65002 | Vaults:4 | Bought a potion of heal wounds for 80 gold pieces
 65412 | Depths:1 | Entered Level 1 of the Depths
 65442 | Depths:1 | Noticed a juggernaut
 65459 | Depths:1 | Killed a juggernaut
 65463 | Depths:1 | Reached XP level 22. HP: 206/249 MP: 16/22
 65683 | Depths:1 | Found a one-way gate to the infinite horrors of the Abyss.
 65884 | Depths:1 | Reached skill level 21 in Fighting
 66154 | Depths:1 | Found a gateway to Hell.
 66174 | Depths:1 | Found Orghaf's Assorted Antiques.
 66174 | Depths:1 | Found Hezxiol's General Store.
 66222 | Depths:1 | Identified the amulet of Optimism {Gourm rF+ MR- Slay+4}
                  | (You found it on level 1 of the Depths)
 66359 | Depths:1 | Found a one-way gate leading to the halls of Pandemonium.
 66604 | Depths:1 | You fall into a shaft and drop 1 floor!
 66851 | Depths:2 | Reached skill level 15 in Throwing
 67131 | Depths:2 | Noticed a juggernaut
 67198 | Depths:2 | Killed a juggernaut
 68015 | Depths:2 | Reached XP level 23. HP: 198/261 MP: 23/23
 68200 | Depths:2 | Identified the +6 falchion of Tocim {flame, MR+}
 68205 | Depths:2 | Noticed a golden dragon
 68224 | Depths:2 | Killed a golden dragon
 68542 | Depths:2 | Found a hazy altar of Hepliaklqana.
 68543 | Depths:2 | Found a shimmering blue altar of Sif Muna.
 68544 | Depths:2 | Found a shimmering blue altar of Sif Muna.
 68575 | Depths:2 | Reached skill level 15 in Armour
 69637 | Depths:3 | Found a gateway to a ziggurat.
 69695 | Depths:3 | Noticed the Enchantress
 69788 | Depths:3 | Killed the Enchantress
 69808 | Depths:3 | Found a corrupted altar of Lugonu.
 69885 | Depths:3 | Found a flickering gateway to a bazaar.
 69901 | Bazaar   | Entered a bazaar
 69903 | Bazaar   | Found Lifa's Antique Armour Boutique.
 70096 | Bazaar   | Found Ozoitoele's Armour Shop.
 70103 | Bazaar   | Found Ocatwat's Distillery.
 70123 | Bazaar   | Found Deefoi Vioh's Armour Boutique.
 70148 | Bazaar   | Bought a potion of curing for 27 gold pieces
 70148 | Bazaar   | Bought a potion of magic for 72 gold pieces
 70148 | Bazaar   | Bought a potion of haste for 90 gold pieces
 70148 | Bazaar   | Bought a potion of agility for 36 gold pieces
 70148 | Bazaar   | Bought a potion of ambrosia for 72 gold pieces
 70148 | Bazaar   | Bought a potion of curing for 27 gold pieces
 70148 | Bazaar   | Bought a potion of curing for 27 gold pieces
 70148 | Bazaar   | Bought 2 potions of ambrosia for 144 gold pieces
 71107 | Depths:4 | Reached skill level 10 in Dodging
 71265 | Depths:4 | Reached skill level 22 in Fighting
 72151 | Depths:4 | Noticed a greater mummy
 72170 | Depths:4 | Killed a greater mummy
 72279 | Depths:4 | Noticed a greater mummy
 72290 | Depths:4 | Killed a greater mummy
 72290 | Depths:4 | Reached XP level 24. HP: 126/274 MP: 23/23
 72523 | Depths:4 | Noticed a greater mummy
 72542 | Depths:4 | Killed a greater mummy
 72909 | Depths:4 | Found the +7 sceptre of Torment {pain, torment}
 72979 | Depths:4 | Noticed Mara
 73000 | Depths:4 | Noticed Baz's illusion
 73020 | Depths:4 | Noticed Baz's illusion
 73022 | Depths:4 | Killed Mara
 73302 | Depths:4 | Found Wiuwel's Jewellery Boutique.
 73773 | Depths:5 | Entered Level 5 of the Depths
 74153 | Depths:5 | Found a runed translucent gate.
 74153 | Depths:5 | Found a runed translucent gate.
 74160 | Depths:5 | Found a runed translucent gate.
 74162 | Depths:5 | Noticed Frederick
 74163 | Depths:5 | Noticed a caustic shrike
 74171 | Depths:5 | Killed Frederick
 74177 | Depths:5 | Noticed Kotiej's ghost (legendary TrMo)
 74560 | Depths:5 | Found a gate to the Realm of Zot.
 75232 | Depths:5 | Voluntarily entered the Abyss.
 75232 | Abyss:1  | Found a runed translucent gate.
 75232 | Abyss:1  | Found a runed translucent gate.
 75232 | Abyss:1  | Found a runed translucent gate.
 75232 | Abyss:1  | Found a corrupted altar of Lugonu.
 75237 | Abyss:1  | Found a runed translucent gate.
 75572 | Abyss:2  | Found a bloodstained altar of Trog.
 76029 | Abyss:3  | Noticed an ancient lich
 76052 | Abyss:3  | Noticed an ancient lich
 76073 | Abyss:3  | Killed an ancient lich
 76081 | Abyss:3  | Collided with a stone wall

Levels and vault maps discovered:
D:1:      lightli_arrival_isolated_outpost, layout_basic
D:2:      layout_rooms, minmay_hexomino_p4, uniq_natasha
D:3:      layout_basic, first_ration, nicolae_ru_great_annihilating_truth,
          uniq_terence
D:4:      layout_cave_pools
D:5:      layout_cave_pools, lemuel_crystal_altar, serial_shops, shop
D:6:      layout_rooms, chequers_temple_overflow_minitemple, enter_ossuary_5,
          uniq_edmund, uniq_pikel
D:7:      layout_cave_pools, minmay_temple_entry_junction_2, serial_gnoll_camp,
          gnoll_camp_mini_house, gnoll_camp_huts_moat, gnoll_camp_mini_doghouse,
          gnoll_camp_mini_shop, gnoll_camp_mini_basic, gnoll_camp_mini_basic,
          grunt_livestock, uniq_joseph
D:8:      layout_rooms, erik_lair_dragon
D:9:      layout_basic, david_orc_2, kennysheep_generic_room_8
D:10:     layout_cave_pods, minmay_shop_enchanted_jewellery, minivault_4,
          minivault_26
D:11:     layout_grid_maze, muffindrake_ghost_dual_entry, serial_shops,
          nicolae_shop_crystal, shop, shop, portal_ice_cave_rime,
          chequers_serial_rivers_room_a, uniq_josephine, uniq_fannar,
          uniq_maurice
D:12:     gammafunk_jiyva_shrine, layout_loops_ring, grunt_ministairs_11
D:13:     layout_stronghold, hangedman_vaults_entry_quadrant_bands,
          gammafunk_ghost_arena, bh_circular_ruins, uniq_kirke, uniq_rupert,
          uniq_sonja
D:14:     layout_roguey, nicolae_ashenzari_panopticon,
          chequers_serial_rivers_marsh
D:15:     hangedman_depths_entry_civil_slaughter, layout_irregular_city,
          amethyst_killhole, uniq_jorgrun
Temple:   eino_temple_scatter_basement
Lair:1:   layout_layer_cave, kennysheep_abandoned_house,
          infiniplex_staircase_pool_2, grunt_megastairs_3, lemuel_fruit_tree
Lair:2:   layout_chaotic_city, grunt_megastairs_2, uniq_maggie, uniq_erica
Lair:3:   layout_chaotic_city, guppyfry_snake_entry_island, enter_volcano_1,
          beast_lair_carwin_8, uniq_gastronok
Lair:4:   layout_hall_layers, elwin_shoals_entry_rooms, gauntlet_entry_generic,
          beast_lair_carwin_4, minmay_lair_oklob_chamber
Lair:5:   statuecave_lemuel, layout_concentric_octagons, ebering_ghost_xom,
          kennysheep_rathole
Lair:6:   hangedman_lair_caniforms_friends, layout_misc_corridors,
          guppyfry_lair_end_dragon, dpeg_slime_entry_corner,
          serial_bayou_shore_b
Shoals:1: layout_shoals
Shoals:2: layout_shoals, nicolae_shoals_seven_spires,
          nicolae_shoals_hunting_party, uniq_louise
Shoals:3: nzn_motion_control, layout_shoals
Shoals:4: shoals_end_grunt_ice, layout_shoals, nicolae_shoals_water_shrine,
          uniq_bai_suzhen
Snake:1:  layout_basic, serial_shops, nicolae_shop_window_shopping, drop_trap,
          hangedman_snake_sidewinding
Snake:2:  layout_misc_corridors
Snake:3:  layout_misc_corridors, grunt_megastairs_4
Snake:4:  grunt_snake_rune_serpentine_throne, layout_misc_corridors
Orc:1:    layout_caves
Orc:2:    st_orc_elflike, layout_diamond_mine, basic_altar, led_sif_book
Vaults:1: nicolae_vaults_border_crossing, dpeg_vaults_pockets_of_resistance,
          vaults_room_boxed, vaults_mumra_chevron_long,
          ontoclasm_vaults_decontamination, vaults_room_fancy_cross, v_misc_24,
          nicolae_vaults_mini_display_case, v_misc_15, layout_vaults_big_room
Vaults:2: v_alt_pattern_6, hangedman_vaults_slither, v_alt_pattern_4,
          hangedman_vaults_slice, grunt_vaults_swirl,
          hangedman_vaults_river_flow, v_misc_22, vaults_room_fours,
          nicolae_vaults_little_squares_5, layout_vaults_ring
Vaults:3: nicolae_vaults_circle_grid_b, v_misc_24, vaults_room_grid,
          vaults_room_ringed_pool, dpeg_vaults_monster_box,
          layout_vaults_quadrants, blue_anna_dwarven_crypt
Vaults:4: nicolae_vaults_network_periphery, hangedman_vaults_hard_town_square,
          hangedman_vaults_stitches, v_misc_13, hangedman_vaults_slice,
          nicolae_vaults_ninety_degrees, vaults_standard_mumra_x,
          nicolae_vaults_stairing_the_circle, nicolae_vaults_little_squares_1,
          v_misc_19, layout_vaults_omnibox
Depths:1: hangedman_cross_stitches, layout_gridlike, grunt_metal_band,
          abyss_entry, pan_entry, drop_trap, kennysheep_small_circle,
          minmay_shoptagon
Depths:2: hangedman_slaughterboxes, hell_entry
Depths:3: lemuel_flame_loot_2, layout_basic, enter_ziggurat_a, serial_glass,
          glass_columns_c, glass_columns_b, minmay_strange_pillars,
          minmay_misc_feat_encased, serial_shops, bzr_firewalk, pan_entry,
          abyss_entry_flame_altar, hell_entry,
          infiniplex_staircase_spiral_double, uniq_enchantress
Depths:4: minmay_guarded_unrand_sceptre_of_torment, layout_gridlike,
          abyss_entry, hell_entry, serial_shops, nicolae_shop_trees,
          kennysheep_decorative_pillar, rand_demon_pan_entry_4,
          serial_co_window_serial, co_window_corner_a, co_window_paths_b,
          co_window_paths_b, co_window_corner_a, co_window_corner_a,
          co_window_of_opportunity_b, co_window_broadway_b, co_window_paths_c,
          glass_columns_b, infiniplex_staircase_squiggle, uniq_mara
Depths:5: evilmike_zot_entry_diamond, layout_gridlike, gammafunk_ghost_split,
          minmay_misc_feat_cross, hell_entry, abyss_entry, serial_bayou_shore_b,
          uniq_frederick
Abyss:3:  base: Lair:1, base: Orc:1, due_evilmike_abyss_rune_seething_liches

Skill      XL: |  1  2  3  4  5  6  7  8  9 10 11 12 13 14 15 16 17 18 19 20 21 22 23 24 |
---------------+-------------------------------------------------------------------------+-----
Dodging        | 1 2 3 4 5 6 7 9 10 11 | 11.2
Fighting       | 3 4 5 7 8 9 11 12 13 14 15 16 17 18 19 20 21 22 | 22.7
Short Blades   | 2 3 3 4 5 6 |  6.3
Throwing       | 3 4 5 6 7 8 9 10 11 12 13 14 15 16 | 16.5
Long Blades    | 3 6 8 10 11 12 13 15 | 15.5
Armour         | 1 3 5 6 7 8 10 12 13 14 15 16 | 16.6
Shields        | 4 7 9 10 | 10.3
Stealth        | |  2.6

Action                   |  1- 3 |  4- 6 |  7- 9 | 10-12 | 13-15 | 16-18 | 19-21 | 22-24 || total
-------------------------+-------+-------+-------+-------+-------+-------+-------+-------++-------
Melee: Dagger            |   134 |   271 |   120 |       |       |       |       |       ||   525
       Rapier            |       |       |   473 |    82 |       |       |       |       ||   555
       Long sword        |       |       |       |   604 |    41 |       |       |       ||   645
       Scimitar          |       |       |       |    14 |  1147 |       |       |       ||  1161
       Great sword       |       |       |       |       |    12 |       |       |       ||    12
       Double sword      |       |       |       |       |   268 |  1038 |  1289 |  1479 ||  4074
       Demon blade       |       |       |       |       |       |       |       |    90 ||    90
Throw: Dart              |       |    24 |    34 |    40 |    20 |       |       |       ||   118
       Boomerang         |       |       |       |    84 |       |   170 |       |       ||   254
       Javelin           |       |       |       |     8 |       |     4 |    66 |    11 ||    89
       Throwing net      |       |       |       |     3 |       |       |       |       ||     3
       Large rock        |       |       |       |       |       |       |       |    11 ||    11
 Cast: Apportation       |       |       |       |       |    10 |       |       |       ||    10
Invok: Sacrifice Skill   |       |       |     1 |       |       |       |       |       ||     1
       Sacrifice Artific |       |       |     1 |       |       |       |       |       ||     1
       Power Leap        |       |       |       |    13 |    47 |    25 |    19 |     4 ||   108
       Reject Sacrifices |       |       |       |     1 |     2 |       |       |       ||     3
       Apocalypse        |       |       |       |     1 |     5 |     1 |     5 |     3 ||    15
       Sacrifice Arcana  |       |       |       |     1 |       |       |       |       ||     1
       Sacrifice Essence |       |       |       |       |     1 |       |       |       ||     1
       Sacrifice Love    |       |       |       |       |     1 |       |       |       ||     1
       Draw Out Power    |       |       |       |       |       |       |     1 |       ||     1
  Use: Potion            |       |     3 |     1 |     7 |       |       |     1 |     1 ||    13
       Scroll            |       |       |     5 |    15 |    11 |    10 |    11 |     6 ||    58
 Stab: Sleeping          |     9 |     2 |     2 |     4 |       |       |       |       ||    17
       Invisible         |       |       |     3 |     7 |    28 |    14 |    11 |    13 ||    76
       Distracted        |       |       |     1 |     2 |     7 |     7 |     5 |    14 ||    36
       Paralysed         |       |       |       |       |    16 |     6 |     8 |     8 ||    38
       Petrified         |       |       |       |       |     3 |       |       |     1 ||     4
       Petrifying        |       |       |       |       |     1 |       |       |       ||     1
  Eat: Chunk             |     1 |     7 |    14 |    29 |    41 |    29 |    35 |    22 ||   178
       Ration            |       |     1 |     1 |     4 |     7 |     4 |       |     4 ||    21
Armor: Robe              |    28 |    42 |    61 |    72 |       |       |       |       ||   203
       Skin              |       |       |       |    22 |       |       |       |       ||    22
       Steam dragon scal |       |       |       |    33 |   297 |       |       |       ||   330
       Fire dragon scale |       |       |       |       |   410 |   173 |       |       ||   583
       Gold dragon scale |       |       |       |       |       |    65 |   448 |   431 ||   944
Dodge: Dodged            |    64 |   169 |   308 |   559 |   998 |   410 |   297 |   389 ||  3194
Block: Shield            |       |       |       |       |   139 |   678 |   997 |   877 ||  2691
       Reflection        |       |       |       |       |     7 |   116 |    99 |    54 ||   276
       Rpst.: Long sword |       |       |       |   114 |     7 |       |       |       ||   121
       Scimitar          |       |       |       |     1 |   189 |       |       |       ||   190
       Great sword       |       |       |       |       |     4 |       |       |       ||     4
       Double sword      |       |       |       |       |    29 |    82 |    51 |    50 ||   212
       Demon blade       |       |       |       |       |       |       |       |     1 ||     1

Table legend:
 A = Non-vault XP
 B = Vault XP
 C = Vault XP percentage of total XP
 D = Non-vault monster count
 E = Vault monster count
 F = Vault count percentage of total count
                 A         B        C        D         E       F
            +---------+---------+-------+---------+---------+-------
      Total |  493005 |  443167 |  47.3 |    1271 |     729 |  36.5
            +---------+---------+-------+---------+---------+-------
        D:1 |     106 |       0 |   0.0 |      29 |       0 |   0.0
        D:2 |     203 |      38 |  15.8 |      28 |       3 |   9.7
        D:3 |     413 |      92 |  18.2 |      35 |       5 |  12.5
        D:4 |     426 |       0 |   0.0 |      15 |       0 |   0.0
        D:5 |     436 |     553 |  55.9 |      21 |       1 |   4.5
        D:6 |     988 |     164 |  14.2 |      18 |       1 |   5.3
        D:7 |     584 |    2573 |  81.5 |       8 |      55 |  87.3
        D:8 |    1111 |     624 |  36.0 |      22 |       5 |  18.5
        D:9 |    1652 |     245 |  12.9 |      41 |       7 |  14.6
       D:10 |    3622 |       0 |   0.0 |      26 |       0 |   0.0
       D:11 |    4492 |    3674 |  45.0 |      57 |       8 |  12.3
       D:12 |    6216 |    1746 |  21.9 |      32 |       7 |  17.9
       D:13 |    5164 |   12529 |  70.8 |      22 |      27 |  55.1
       D:14 |   12033 |       0 |   0.0 |      41 |       0 |   0.0
       D:15 |   12578 |    7576 |  37.6 |      35 |       8 |  18.6
     Lair:1 |    1662 |     951 |  36.4 |      10 |      14 |  58.3
     Lair:2 |    4115 |    1778 |  30.2 |      18 |       4 |  18.2
     Lair:3 |    6131 |    4860 |  44.2 |      25 |      11 |  30.6
     Lair:4 |    6247 |    2815 |  31.1 |      25 |       9 |  26.5
     Lair:5 |    8818 |     168 |   1.9 |      32 |      10 |  23.8
     Lair:6 |    8814 |   15003 |  63.0 |      30 |      71 |  70.3
   Shoals:1 |   15210 |       0 |   0.0 |      29 |       0 |   0.0
   Shoals:2 |   15879 |    4724 |  22.9 |      29 |       7 |  19.4
   Shoals:3 |   18674 |    3397 |  15.4 |      35 |       5 |  12.5
   Shoals:4 |   15402 |   29148 |  65.4 |      29 |      43 |  59.7
    Snake:1 |   18078 |   11157 |  38.2 |      35 |      20 |  36.4
    Snake:2 |   15566 |       0 |   0.0 |      29 |       0 |   0.0
    Snake:3 |   16372 |    4135 |  20.2 |      31 |       7 |  18.4
    Snake:4 |   14631 |   42002 |  74.2 |      29 |      62 |  68.1
      Orc:1 |    2272 |    1599 |  41.3 |      24 |       3 |  11.1
      Orc:2 |    2109 |    6529 |  75.6 |      27 |      24 |  47.1
   Vaults:1 |   23120 |   33279 |  59.0 |      52 |      52 |  50.0
   Vaults:2 |   20599 |   13498 |  39.6 |      33 |      23 |  41.1
   Vaults:3 |   45349 |   10380 |  18.6 |      64 |      15 |  19.0
   Vaults:4 |   29491 |   24100 |  45.0 |      42 |      28 |  40.0
   Depths:1 |   36334 |   20137 |  35.7 |      52 |      19 |  26.8
   Depths:2 |       0 |   96183 | 100.0 |       0 |      87 | 100.0
   Depths:3 |   30291 |   10161 |  25.1 |      37 |       6 |  14.0
   Depths:4 |   46037 |   30126 |  39.6 |      53 |      11 |  17.2
   Depths:5 |   21871 |   21343 |  49.4 |      21 |      11 |  34.4
    Abyss:1 |    3151 |     118 |   3.6 |       6 |       7 |  53.8
    Abyss:2 |   11930 |       0 |   0.0 |      39 |       0 |   0.0
    Abyss:3 |    4828 |   18980 |  79.7 |       5 |      14 |  73.7
    Ossuary |       0 |     279 | 100.0 |       0 |      19 | 100.0
      IceCv |       0 |    3170 | 100.0 |       0 |      11 | 100.0
    Volcano |       0 |     180 | 100.0 |       0 |       2 | 100.0
   Gauntlet |       0 |    3153 | 100.0 |       0 |       7 | 100.0
            +---------+---------+-------+---------+---------+-------
